AoeStats
← Fireworks

Arena

507938691Analyzed
4v4 RM · 13d ago on Sep 20, 2026· 49m 7s· 8 players
Game mode
Random Map
Map size
Large (8 player)
Population
200
Speed
Normal
Resources
Standard
Victory
Conquest
Starting age
Dark Age
Ending age
Imperial Age
RankedLock teamsTeams togetherTeam positionsShared explorationLock speedFull tech treeHidden civsTurbo modeCheats
Victory
Defeat
🇪🇸 Teutons · Spain
1474
+14
🇫🇷 Goths · France
1439
+15
🇻🇳 Koreans · Vietnam
1402
+17
🇮🇳 Poles · India
1379
+18
🇨🇳 Malians · China
1493
-19
🇨🇳 Mongols · China
1442
-17
🇨🇳 Dravidians · China
1375
-14
🇨🇳 Italians · China
1365
-14
maniaaaaaac
10:34 Feudal Age
15:18 Castle Age
13:11 Double-Bit Axe
13:53 Horse Collar
16:23 Bow Saw
16:32 Loom
22:58 Wheelbarrow
22:08 Loom
23:36 Gold Mining
23:59 Stone Mining
25:57 Forging
25:53 Scale Barding Armor
26:21 Hand Cart
28:16 Stone Shaft Mining
28:17 Iron Casting
28:03 Chain Barding Armor
31:12 Imperial Age
29:45 Bloodlines
29:35 Husbandry
28:57 Light Cavalry
31:26 Cavalier
31:28 Winged Hussar
33:11 Blast Furnace
32:31 Heavy Plow
32:56 Conscription
33:04 Lechitic Legacy
33:30 Szlachta Privileges
Im_Lex
10:03 Feudal Age
11:15 Loom
14:12 Castle Age
12:34 Double-Bit Axe
12:58 Double-Bit Axe
15:14 Bow Saw
22:14 Fletching
24:43 Scale Mail Armor
24:53 Forging
25:50 Chain Mail Armor
30:37 Imperial Age
28:27 Gold Mining
30:04 Iron Casting
30:34 Wheelbarrow
29:49 Town Watch
31:43 Conscription
31:15 Horse Collar
32:20 Plate Mail Armor
31:40 Onager
33:25 Chemistry
34:20 Crenellations
34:18 Bodkin Arrow
34:54 Plate Mail Armor
36:09 Masonry
37:16 Siege Engineers
39:21 Hoardings
38:10 Elite Teutonic Knight
40:24 Stone Mining
42:16 Blast Furnace
44:08 Squires
45:06 Pikeman
45:33 Arson
49:18 Heavy Plow
50:19 Two-Man Saw
JohnnySniper
11:11 Feudal Age
15:02 Castle Age
14:06 Double-Bit Axe
16:08 Scale Mail Armor
16:21 Forging
22:45 Chain Mail Armor
23:02 Horse Collar
24:34 Iron Casting
27:22 Heavy Plow
35:50 Imperial Age
33:46 Bow Saw
34:59 Anarchy
34:52 Fletching
35:03 Padded Archer Armor
37:40 Imperial Age
34:58 Loom
35:48 Squires
35:11 Man-at-Arms
35:12 Pikeman
35:46 Gold Mining
35:47 Stone Mining
36:42 Wheelbarrow
38:01 Elite Huskarl
39:03 Conscription
39:51 Blast Furnace
38:47 Bodkin Arrow
40:09 Hand Cart
39:41 Town Watch
48:32 Capped Ram
VN_BILL
11:08 Feudal Age
14:58 Castle Age
13:17 Double-Bit Axe
13:49 Horse Collar
16:12 Bow Saw
16:44 Fletching
23:09 Wheelbarrow
28:50 Hand Cart
30:21 Loom
30:48 Forging
30:33 Bodkin Arrow
33:41 Imperial Age
31:26 Scale Barding Armor
32:36 Iron Casting
32:05 Gold Mining
32:28 Stone Mining
33:13 Coinage
33:12 Chain Barding Armor
33:38 Gold Shaft Mining
33:02 Loom
33:17 Loom
33:43 Husbandry
33:48 Cavalier
35:46 Chemistry
35:04 Bracer
35:27 Ballistics
34:54 Crossbowman
35:27 Heated Shot
35:43 Arbalester
36:41 Fortified Wall
36:42 Masonry
36:59 Thumb Ring
37:17 Chain Barding Armor
38:43 Treadmill Crane
39:15 Heavy Plow
39:53 Banking
39:58 Murder Holes
41:28 Architecture
40:20 Elite Skirmisher
41:14 Pikeman
41:55 Squires
41:56 Scale Mail Armor
42:05 Halberdier
43:14 Chain Mail Armor
42:46 Arrowslits
43:13 Arson
唐火火
10:44 Feudal Age
15:04 Castle Age
13:44 Double-Bit Axe
13:51 Horse Collar
18:14 Wheelbarrow
18:50 Loom
21:48 Bow Saw
21:57 Heavy Plow
23:43 Gold Mining
23:44 Stone Mining
28:21 Imperial Age
26:45 Hand Cart
27:40 Town Watch
27:46 Treadmill Crane
28:21 Padded Archer Armor
28:11 Fletching
29:02 Ballistics
30:35 Chemistry
29:56 Leather Archer Armor
29:37 Bodkin Arrow
29:51 Thumb Ring
30:25 Town Patrol
31:28 Two-Man Saw
31:08 Crop Rotation
31:42 Ring Archer Armor
31:12 Bracer
31:51 Conscription
32:46 Pirotechnia
34:33 Scale Mail Armor
34:43 Forging
36:07 Chain Mail Armor
37:43 Plate Mail Armor
37:48 Iron Casting
38:44 Squires
38:30 Arson
41:25 Blast Furnace
49:34 Murder Holes
49:50 Masonry
Fireworks
9:28 Feudal Age
9:32 Man-at-Arms
10:23 Arson
14:08 Loom
18:51 Castle Age
16:52 Double-Bit Axe
18:45 Horse Collar
18:55 Gold Mining
19:19 Forging
20:10 Bow Saw
31:29 Wheelbarrow
37:50 Imperial Age
36:12 Scale Barding Armor
35:51 Light Cavalry
37:16 Chain Barding Armor
38:54 Farimba
39:47 Bloodlines
39:38 Husbandry
39:32 Cavalier
40:48 Plate Barding Armor
41:13 Iron Casting
41:22 Gold Shaft Mining
43:37 Town Watch
43:54 Heavy Plow
43:45 Stone Mining
43:45 Capped Ram
47:35 Scale Mail Armor
47:38 Squires
93老玩家回归
10:17 Feudal Age
15:10 Castle Age
13:35 Double-Bit Axe
14:12 Horse Collar
15:16 Wheelbarrow
26:20 Gold Mining
29:17 Imperial Age
27:09 Stone Mining
27:32 Bow Saw
27:25 Heavy Plow
27:34 Scale Barding Armor
27:39 Forging
28:33 Padded Archer Armor
28:54 Chain Barding Armor
29:06 Hand Cart
28:37 Town Watch
29:16 Ballistics
30:17 Leather Archer Armor
29:52 Fletching
31:14 Chemistry
32:34 Ring Archer Armor
32:55 Conscription
33:21 Medical Corps
32:43 Elite Elephant Archer
33:28 Thumb Ring
33:24 Bodkin Arrow
33:53 Bombard Tower
33:29 Murder Holes
33:44 Masonry
35:36 Loom
35:52 Town Patrol
38:13 Bracer
39:37 Wootz Steel
39:28 Husbandry
41:09 Hoardings
42:02 Pikeman
42:42 Squires
42:29 Arson
43:47 Scale Mail Armor
44:23 Iron Casting
43:11 Halberdier
43:37 Gambesons
45:28 Man-at-Arms
47:12 Blast Furnace
46:28 Chain Mail Armor
46:18 Long Swordsman
46:54 Two-Handed Swordsman
48:05 Champion
06老玩家回归
8:59 Feudal Age
9:22 Feudal Age
13:16 Castle Age
11:47 Horse Collar
14:01 Double-Bit Axe
20:51 Loom
21:26 Fletching
30:36 Wheelbarrow
30:14 Bow Saw
32:09 Gold Mining
32:23 Padded Archer Armor
32:29 Husbandry
32:46 Bloodlines
33:04 Hand Cart
32:55 Bodkin Arrow
37:10 Imperial Age
35:47 Gold Shaft Mining
35:46 Leather Archer Armor
36:58 Ballistics
38:01 Bracer
38:38 Conscription
37:39 Elite Mangudai
39:49 Chemistry
38:55 Siege Engineers
Connection lost

Rejoining the realm…

Still unreachable

The connection could not be restored.

Session expired

The server has moved on; the page needs a fresh start.